 Dungeon Crawl Stone Soup version 0.28-a0-1206-g193881aaa2 (webtiles) character file.

Game seed: 11400764437277591935

59 gigimoi the Ogre Mage (level 4, 0/40 HPs)
             Began as an Ogre Fire Elementalist on Dec 20, 2021.
             Succumbed to an adder's poison
             ... on level 2 of the Dungeon.
             The game lasted 00:12:12 (2713 turns).

gigimoi the Ogre Mage (Ogre Fire Elementalist)      Turns: 2713, Time: 00:12:13

Health: 0/40       AC:  3    Str: 12    XL:     4   Next: 3%
Magic:  17/17      EV: 10    Int: 18    God:
Gold:   65         SH:  0    Dex:  9    Spells: 3/9 levels left

rFire   . . .      SeeInvis .   b - +0 spear
rCold   . . .      Faith    .   (no shield)
rNeg    . . .      Spirit   .   a - +0 robe
rPois   .          Reflect  .   (helmet restricted)
rElec   .          Harm     .   (no cloak)
rCorr   .          Rampage  .   (gloves unavailable)
Will    .....                   (boots unavailable)
Stlth   ++........              (no amulet)
HPRegen 0.13/turn               g - ring of magical power
MPRegen 0.15/turn               (no ring)

@: lethally poisoned (0 -> -4), invisible
A: large, unfitting armour, tough skin 1
a: no special abilities


You were on level 2 of the Dungeon.
You visited 1 branch of the dungeon, and saw 2 of its levels.

You collected 65 gold pieces.

Inventory:

Hand Weapons
 b - a +0 spear (weapon)
Armour
 a - a +0 robe (worn)
Jewellery
 g - a ring of magical power (left hand)
Scrolls
 e - a scroll of identify {unknown}
Potions
 d - a potion of mutation {unknown}
 f - a potion of curing {unknown}
 h - a potion of resistance {unknown}


   Skills:
 + Level 0.8 Fighting
 + Level 2.1 Dodging
 + Level 1.7 Stealth
 * Level 3.3 Spellcasting
 + Level 1.4 Conjurations
 * Level 3.0 Fire Magic


You had 3 spell levels left.
You knew the following spells:

 Your Spells              Type           Power      Damage    Failure   Level
a - Foxfire               Conj/Fire      44%        2x1d6     6%          1
b - Scorch                Fire           28%        2d6       7%          2
c - Conjure Flame         Conj/Fire      11%        6-21      19%         3

Your spell library contained the following spells:

 Spells                   Type           Power      Damage    Failure   Level
 Inner Flame              Hex/Fire       8%         N/A       26%         3
 Portal Projectile        Hex/Tloc       4%         N/A       43%         3
 Flame Wave               Conj/Fire      11%        2d5       54%         4
 Blade Hands              Tmut           1%         N/A       99%         5
 Excruciating Wounds      Necr           1%         N/A       99%         5


Dungeon Overview and Level Annotations

Branches:
Dungeon (2/15)

Altars:

Shops:
D:2 :


Innate Abilities, Weirdness & Mutations

You are too large for most types of armour.
You have tough skin. (AC +1)


Message History

Your magical contamination has completely faded away.
You see here 13 stones.
The orc hits you with a +0 flail. The orc hits you with a +0 flail!
You see here a +0 dagger.
The adder bites you.
You are poisoned.
The adder poisons you!
You feel sick.
You feel sick.
You feel sick.
You feel sick. The adder bites you but does no damage.
You feel sick.
You feel sick.
You are no longer poisoned.
The adder bites you.
* * * LOW HITPOINT WARNING * * *
You are poisoned.
The adder poisons you!
You feel sick.
There is an open door here.
You feel sick.
You feel sick.
You feel sick. The adder barely misses you.
You feel sick.
You feel sick.
You feel sick.
You are no longer poisoned.
The adder bites you but does no damage. The adder bites you but does no damage.
The adder bites you.
* * * LOW HITPOINT WARNING * * *
You are lethally poisoned!
The adder poisons you!
* * * LOW HITPOINT WARNING * * *
You feel sick.
There is a stone staircase leading up, spattered with blood here.
It was a potion of invisibility.
You fade into invisibility!
You die...

.#####
#.##...## ##
#.##.r.#####...
...+...'.......
#.##.o.#####...
#.###.....# #.#
#o###.# #.# ..
#.#######
#.o.S@# #######


You could see an adder and an orc.

Vanquished Creatures
  An adder (D:2)
  A worm (D:2)
  4 bats (D:1)
  An endoplasm (D:1)
  3 giant cockroaches (D:1)
  4 goblins (D:1)
  2 hobgoblins (D:1)
  9 jackals
  4 kobolds (D:1)
  2 quokkas (D:1)
  4 ball pythons
  3 frilled lizards
  3 rats (D:1)
41 creatures vanquished.

Vanquished Creatures (others)
  108 foxfires
108 creatures vanquished.

Grand Total: 149 creatures vanquished

Notes
Turn   | Place    | Note
-------+----------+-------------------------------------------
     0 | D:1      | gigimoi the Ogre Fire Elementalist began the quest for the
                  | Orb.
     0 | D:1      | Reached XP level 1. HP: 16/16 MP: 3/3
    73 | D:1      | Reached skill level 1 in Conjurations
   315 | D:2      | Reached XP level 2. HP: 14/24 MP: 5/5
   475 | D:2      | Learned a level 2 spell: Scorch
   918 | D:1      | Reached XP level 3. HP: 32/32 MP: 1/7
  1271 | D:1      | Learned a level 3 spell: Conjure Flame
  1518 | D:1      | Found a faded altar of an unknown god.
  2403 | D:2      | Found Bihom's Book Shop.
  2587 | D:2      | Reached XP level 4. HP: 40/40 MP: 8/8
  2712 | D:2      | HP: 1/40 [poisoned by an adder]
  2713 | D:2      | Succumbed to an adder's poison

Illustrated notes

Levels and vault maps discovered:
D:1:      eino_arrival_tree_alley, layout_basic,
          shapermc_ecumenical_altar_mp_vishouse, fountainhead, st_stairs_4
D:2:      layout_basic, serial_shops, shop,
          nicolae_shop_competitors_out_of_business, shop, st_stairs_1,
          nrook_campfire

Skill      XL: |  1  2  3 |
---------------+----------+-----
Conjurations   | 1 |  1.4
Dodging        | 2 |  2.1
Spellcasting   | 3 |  3.3
Fire Magic     | 3 |  3.0
Fighting       | |  0.8
Stealth        | |  1.7

Action                   |  1- 3 |  4- 6 || total
-------------------------+-------+-------++-------
Melee: Spear             |    31 |       ||    31
       Unarmed           |     9 |       ||     9
 Cast: Foxfire           |    70 |     3 ||    73
       Scorch            |    12 |     3 ||    15
  Use: Potion            |       |     1 ||     1
Armor: Robe              |    36 |     3 ||    39
Dodge: Dodged            |    38 |     2 ||    40

Table legend: (Time is in decaauts)
 A = Elapsed time spent in this place.
 B = Non-inter-level travel time spent in this place.
 C = Inter-level travel time spent in this place.
 D = Time resting spent in this place.
 E = Time spent auto-exploring this place.
 F = Levels seen in this place.
 G = Mean time per level.
                   A        B        C        D        E       F      G
               +--------+--------+--------+--------+--------+-----+--------+
         Total |   2716 |   2696 |     20 |   1543 |    772 |   2 | 1358.0 |
       Dungeon |   2716 |   2696 |     20 |   1543 |    772 |   2 | 1358.0 |
               +--------+--------+--------+--------+--------+-----+--------+

Top non-repeatable levels by time:
     D:1: 1853 daAuts
     D:2: 863 daAuts
